 Dungeon Crawl Stone Soup version 0.26-a0-663-g36e8fdb655 (webtiles) character file.

Game seed: 144128555559937502

114 jasper the Sneak (level 5, 6/41 HPs)
             Began as a Human Delver on Oct 12, 2020.
             Quit the game on level 6 of the Dungeon.
             The game lasted 00:03:39 (1720 turns).

jasper the Sneak (Human Delver)                     Turns: 1720, Time: 00:03:40

Health: 6/41       AC:  6    Str: 13    XL:     5   Next: 19%
Magic:  5/5        EV: 10    Int: 10    God:
Gold:   33         SH:  5    Dex: 15    Spells: 4/4 levels left

rFire    . . .     SeeInvis .     - Unarmed
rCold    . . .     Faith    .   (no shield)
rNeg     . . .     Spirit   .   l - +0 scale mail
rPois    .         Reflect  +   (no helmet)
rElec    .         Harm     .   (no cloak)
rCorr    .         Rampage  .   (no gloves)
MR       .....     Rnd*Tele +   (no boots)
Stlth    +++.......             d - amulet of reflection
HPRegen  0.13/turn              g - ring of stealth
MPRegen  0.09/turn              e - ring of teleportation (curse)

@: mildly poisoned (6 -> 5)
A: no striking features
a: no special abilities


You were on level 6 of the Dungeon.
You visited 1 branch of the dungeon, and saw 3 of its levels.

You collected 33 gold pieces.

Inventory:

Missiles
 i - 19 stones
 j - 43 arrows
 m - 4 boomerangs (quivered)
Armour
 a - a +0 leather armour
 k - a +0 ring mail
 l - a +0 scale mail (worn)
Jewellery
 d - an amulet of reflection (around neck)
 e - a cursed ring of teleportation (right hand)
 g - a ring of stealth (left hand)
Wands
 f - a wand of digging (3)
Scrolls
 b - a scroll of fog
 c - a scroll of magic mapping


   Skills:
 + Level 3.4 Fighting
 - Level 1.5 Armour
 + Level 2.6 Dodging
 - Level 5.0 Stealth
 * Level 3.3 Unarmed Combat
 + Level 1.4 Evocations


You had 4 spell levels left.
You didn't know any spells.
Your spell library was empty.

Dungeon Overview and Level Annotations

Branches:
Dungeon (6/15)
 Temple: D:4-7

Altars:

Annotations:
D:6 exclusion: worker ant


Message History

You feel sick.
You take 1 damage, and have 7/41 hp.
Found two leather armours.
Found 18 gold pieces and a mace.
Really walk into that teleport trap?
You enter a teleport trap!
The teleport trap disappears.
Your surroundings suddenly seem different.
A jelly and a centaur come into view.
You feel sick.
Take off which item? (? for menu, Esc to quit)
Okay, then.
You take 1 damage, and have 7/41 hp.
You feel sick.
You take 1 damage, and have 6/41 hp.
A jelly is nearby!
The sky beast flickers out of sight!
Deactivating autopickup; reactivate with Ctrl-A.
You feel sick.
You take 1 damage, and have 6/41 hp.
Are you sure you want to abandon this character and quit the game? (Confirm with "yes".)

######
#@...#
#....#
#....#
#....#
....J.#
#........#
#.........
... #..
+..........
... #).
#......#....
..##..


You could see a jelly (asleep).

Vanquished Creatures
  An orc wizard (D:5)
  A killer bee zombie (D:4)
  2 adders
  A shadow imp (D:5)
  An ufetubus (D:4)
  12 orcs
  4 jackals (D:4)
  A ball python (D:5)
  A frilled lizard (D:5)
  A quokka skeleton (D:4)
25 creatures vanquished.

Notes
Turn   | Place    | Note
-------+----------+-------------------------------------------
     0 | D:5      | jasper the Human Delver began the quest for the Orb.
     0 | D:5      | Reached XP level 1. HP: 18/18 MP: 1/1
    11 | D:5      | Noticed a sky beast
    37 | D:6      | Noticed a worker ant
    73 | D:6      | Noticed a centaur
   316 | D:4      | Reached XP level 2. HP: 15/24 MP: 2/2
   719 | D:4      | Reached XP level 3. HP: 29/29 MP: 3/3
   779 | D:4      | Reached skill level 1 in Armour
   779 | D:4      | Reached skill level 1 in Evocations
   779 | D:4      | Reached XP level 4. HP: 13/35 MP: 4/4
  1268 | D:5      | Reached XP level 5. HP: 11/41 MP: 5/5
  1711 | D:6      | Noticed a centaur
  1720 | D:6      | Quit the game

Illustrated notes

Levels and vault maps discovered:
D:4:      layout_rooms
D:5:      layout_basic, doesnt_xom_only_xom, minmay_temple_entry_butterflies,
          enter_ossuary_1, uniq_sigmund, uniq_pikel
D:6:      layout_basic, nicolae_benzene_ring

Skill      XL: |  1  2  3  4 |
---------------+-------------+-----
Armour         | 1 |  1.5
Evocations     | 1 |  1.4
Unarmed Combat | 3 |  3.3
Fighting       | |  3.4
Dodging        | |  2.6
Stealth        | |  5.0

Action                   |  1- 3 |  4- 6 || total
-------------------------+-------+-------++-------
Melee: Unarmed           |    94 |    82 ||   176
       Punch             |     2 |     1 ||     3
Throw: Stone             |     4 |     3 ||     7
       Boomerang         |       |     4 ||     4
  Use: Scroll            |     1 |       ||     1
       Potion            |     2 |     1 ||     3
 Stab: Sleeping          |     1 |       ||     1
Armor: Ring mail         |     6 |       ||     6
       Scale mail        |    23 |    27 ||    50
Dodge: Dodged            |    49 |    45 ||    94
Block: Other             |    24 |    26 ||    50
       Reflection        |       |     2 ||     2

Table legend: (Time is in decaauts)
 A = Elapsed time spent in this place.
 B = Non-inter-level travel time spent in this place.
 C = Inter-level travel time spent in this place.
 D = Time resting spent in this place.
 E = Time spent auto-exploring this place.
 F = Levels seen in this place.
 G = Mean time per level.
                   A        B        C        D        E       F      G
               +--------+--------+--------+--------+--------+-----+--------+
         Total |   1694 |   1660 |     34 |    459 |    626 |   3 |  564.7 |
       Dungeon |   1694 |   1660 |     34 |    459 |    626 |   3 |  564.7 |
               +--------+--------+--------+--------+--------+-----+--------+

Top non-repeatable levels by time:
     D:4: 892 daAuts
     D:5: 660 daAuts
     D:6: 140 daAuts
